 Dungeon Crawl Stone Soup version 0.28-b1-1-g3c77fb2ed1 (webtiles) character file.

Game seed: 149151120582109995

205 pkoi the Cudgeller (level 5, -3/45 HPs)
             Began as a Minotaur Fighter on Jan 28, 2022.
             Killed by divine providence
             ... invoked by an orc priest
              (12 damage)
             ... on level 3 of the Dungeon.
             The game lasted 00:01:42 (2258 turns).

pkoi the Cudgeller (Minotaur Fighter)               Turns: 2258, Time: 00:01:43

Health: -3/45      AC:  6    Str: 22    XL:     5   Next: 52%
Magic:  4/4        EV:  9    Int:  5    God:
Gold:   110        SH:  4    Dex: 10    Spells: 4/4 levels left

rFire   . . .      SeeInvis .   a - +0 flail
rCold   + . .      Faith    .   c - +0 buckler
rNeg    . . .      Spirit   .   b - +0 scale mail
rPois   .          Reflect  .   (helmet restricted)
rElec   .          Harm     .   (no cloak)
rCorr   .          Rampage  .   (no gloves)
Will    .....                   (no boots)
Stlth   ..........              (no amulet)
HPRegen 0.15/turn               e - ring of protection from cold
MPRegen 0.09/turn               (no ring)

@: no status effects
A: horns 2, retaliatory headbutt
a: no special abilities


You were on level 3 of the Dungeon.
You visited 1 branch of the dungeon, and saw 3 of its levels.

You collected 110 gold pieces.

Inventory:

Hand Weapons
 a - a +0 flail (weapon)
Armour
 b - a +0 scale mail (worn)
 c - a +0 buckler (worn)
Jewellery
 e - a ring of protection from cold (left hand)
 k - a ring of fire
Scrolls
 f - 3 scrolls of identify {unknown}
 g - 2 scrolls of enchant armour {unknown}
 h - a scroll of amnesia {unknown}
Potions
 d - a potion of might
 i - a potion of curing {unknown}
 j - 2 potions of invisibility {unknown}
 l - 2 potions of degeneration {unknown}
 m - a potion of heal wounds {unknown}
 n - a potion of mutation {unknown}


   Skills:
 - Level 3.6 Fighting
 + Level 6.9 Maces & Flails
 - Level 3.6 Armour
 - Level 4.0 Shields


You had 4 spell levels left.
You didn't know any spells.
Your spell library contained the following spells:

 Spells                   Type           Power      Damage    Failure   Level
 Magic Dart               Conj           0%         1d3       87%         1
 Call Imp                 Summ           0%         N/A       95%         2
 Gell's Gravitas          Tloc           0%         N/A       99%         3
 Lesser Beckoning         Tloc           0%         N/A       99%         3
 Mephitic Cloud           Conj/Pois/Air  0%         N/A       99%         3
 Teleport Other           Tloc           0%         N/A       99%         3
 Tukima's Dance           Hex            0%         N/A       99%         3
 Passage of Golubria      Tloc           0%         N/A       100%        4
 Yara's Violent Unravell  Hex/Tmut       0%         3d3       100%        5


Dungeon Overview and Level Annotations

Branches:
Dungeon (3/15)

Altars:


Innate Abilities, Weirdness & Mutations

You have a pair of horns on your head.
You reflexively headbutt those who attack you in melee.


Message History

The howler monkey howls!
You hear a shout!
A howler monkey is nearby!
A howler monkey is nearby!
An orc priest comes into view. It is wielding a +0 club.
The howler monkey hits you but does no damage. x2
You hit the howler monkey. Your headbutt misses the howler monkey.
The howler monkey is lightly wounded.
The howler monkey hits you.
You barely miss the howler monkey.
The howler monkey is lightly wounded.
The howler monkey closely misses you. You furiously retaliate!
You headbutt the howler monkey. You thump the howler monkey!
The howler monkey is almost dead.
The howler monkey hoots and howls with incredible vigour!
The orc priest invokes the aid of Beogh against you.
Beogh smites you! The howler monkey closely misses you.
The orc priest invokes the aid of Beogh against you.
Pain shoots through your body!
You hear a shout! x15
You sock the howler monkey!
You kill the howler monkey!
You see here a howler monkey corpse.
Unknown command.
You barely miss the orc priest.
You headbutt the orc priest, but do no damage.
You block the orc priest's attack.
You hit the orc priest.
The orc priest is moderately wounded.
You block the orc priest's attack.
You closely miss the orc priest.
The orc priest is moderately wounded.
The orc priest mumbles some strange prayers to Beogh against you.
Pain shoots through your body!
* * * LOW HITPOINT WARNING * * *
You hit the orc priest.
The orc priest is severely wounded.
The orc priest calls down the wrath of Beogh upon you.
Beogh smites you!
You die...

########################
..÷......P.....†........
.÷÷........P....@.......
≈≈≈≈≈≈≈≈≈≈≈≈≈≈≈≈o≈≈≈≈≈≈≈
≈≈≈≈≈≈≈≈≈≈≈≈≈≈≈≈≈≈≈≈≈≈≈≈
####≈≈≈≈≈≈≈≈≈≈≈≈≈≈≈≈≈≈≈≈
...#....................
oo.#####################
##'# .#o# .#


You could see an orc priest.

Vanquished Creatures
  3 howler monkeys (D:3)
  A hound (D:3)
  3 adders (D:2)
  A worm (D:2)
  4 ball pythons
  4 bats (D:1)
  An endoplasm (D:1)
  3 giant cockroaches
  3 goblins (D:1)
  A hobgoblin (D:2)
  5 jackals (D:3)
  A kobold (D:1)
  2 rats
32 creatures vanquished.

Notes
Turn   | Place    | Note
-------+----------+-------------------------------------------
     0 | D:1      | pkoi the Minotaur Fighter began the quest for the Orb.
     0 | D:1      | Reached XP level 1. HP: 19/19 MP: 0/0
   268 | D:1      | Reached skill level 3 in Maces & Flails
   269 | D:1      | Reached XP level 2. HP: 26/26 MP: 1/1
   927 | D:2      | Reached skill level 4 in Maces & Flails
   927 | D:2      | Reached XP level 3. HP: 19/31 MP: 2/2
  1945 | D:3      | Reached skill level 5 in Maces & Flails
  1945 | D:3      | Reached XP level 4. HP: 14/39 MP: 3/3
  1948 | D:3      | Reached skill level 6 in Maces & Flails
  1950 | D:3      | Reached XP level 5. HP: 7/45 MP: 4/4
  2258 | D:3      | Killed from afar by an orc priest

Illustrated notes

Levels and vault maps discovered:
D:1:      psy_arrival_basics, layout_basic, minmay_split_cup_small
D:2:      layout_loops_cross, minmay_misc_feat_encased
D:3:      lemuel_castle_with_subvaults [lemuel_castle_interior_carwin_1],
          layout_basic, ashenzari_conservatory_becter, grunt_decor_clamped,
          ebering_dispersal_statue_hall

Skill      XL: |  1  2  3  4 |
---------------+-------------+-----
Maces & Flails | 3 4 5 6 |  6.9
Shields        | 4 |  4.0
Fighting       | |  3.6
Armour         | |  3.6

Action                   |  1- 3 |  4- 6 || total
-------------------------+-------+-------++-------
Melee: Flail             |    82 |    19 ||   101
       Headbutt          |     2 |     3 ||     5
Armor: Scale mail        |    37 |    12 ||    49
Dodge: Dodged            |    30 |     7 ||    37
Block: Buckler           |    24 |     2 ||    26
